 Dungeon Crawl Stone Soup version 0.29.1-15-g9cfb28693d (webtiles) character file.

Game seed: 13455556301142269007

636 Barneous the Covert (level 7, -2/45 HPs)
             Began as an Octopode Wanderer on Mar 16, 2023.
             Was an Initiate of Sif Muna.
             Slain by a black bear (4 damage)
             ... on level 5 of the Dungeon.
             The game lasted 00:13:55 (5213 turns).

Barneous the Covert (Octopode Wanderer)             Turns: 5213, Time: 00:13:56

Health: -2/45      AC: -11   Str: 14    XL:     7   Next: 50%
Magic:  8/8        EV: 13    Int: 15    God:    Sif Muna [......]
Gold:   256        SH:  0    Dex: 10    Spells: 7/8 levels left

rFire   . . .      SeeInvis .   c - +0 short sword (holy)
rCold   . . .      Faith    .   (no shield)
rNeg    . . .      Spirit   .   (helmet restricted)
rPois   .          Reflect  .   e - amulet of magic regeneration
rElec   .          Harm     .   g - ring of willpower
rCorr   .          Rampage  .   (no ring)
Will    +....                   (no ring)
Stlth   +++++.....              (no ring)
HPRegen 0.15/turn               (no ring)
MPRegen 0.51/turn               (no ring)
                                (no ring)
                                (no ring)

@: corroded
A: almost no armour, amphibious, 8 rings, camouflage 1, gelatinous body 1,
(nimble swimmer 1), tentacles, tentacle spike 1
a: Renounce Religion


You were on level 5 of the Dungeon.
You worshipped Sif Muna.
Sif Muna was noncommittal.
You visited 1 branch of the dungeon, and saw 5 of its levels.

You collected 256 gold pieces.

Inventory:

Hand Weapons
 a - a +2 dagger
 c - a +0 short sword of holy wrath (weapon)
Jewellery
 e - an amulet of magic regeneration (around mantle)
 g - a ring of willpower (left tentacle)
Wands
 d - a wand of flame (2) (quivered)
Scrolls
 b - a scroll of identify
 f - a scroll of magic mapping
 h - a scroll of enchant weapon {unknown}


   Skills:
 + Level 2.8 Fighting
 + Level 3.4 Short Blades
 - Level 1.0 Maces & Flails
 + Level 1.6 Dodging
 + Level 8.3 Stealth
 * Level 0.2 Unarmed Combat
 * Level 1.1 Spellcasting
 * Level 0.3 Ice Magic
 * Level 0.2 Invocations
 * Level 5.4 Evocations


You had 7 spell levels left.
You knew the following spells:

 Your Spells              Type           Power      Damage    Failure   Level
a - Freeze                Ice            4%         1d3       22%         1

Your spell library contained the following spells:

 Spells                   Type           Power      Damage    Failure   Level
 Frozen Ramparts          Ice            2%         1d1       54%         3
 Dazzling Flash           Conj/Hex       0%         N/A       58%         3
 Hailstorm                Conj/Ice       1%         3d3       92%         4
 Ice Form                 Ice/Tmut       1%         N/A       92%         4
 Summon Ice Beast         Ice/Summ       1%         N/A       92%         4
 Iskenderun's Mystic Bla  Conj/Tloc      0%         2d3       94%         4
 Starburst                Conj/Fire      0%         6d3       100%        6


Dungeon Overview and Level Annotations

Branches:
Dungeon (5/15)
 Temple: D:4-7

Altars:
Cheibriados
Fedhas
Gozag
Nemelex Xobeh
Sif Muna
Wu Jian

Shops:
D:5 !


Innate Abilities, Weirdness & Mutations

You cannot wear most types of armour.
You are amphibious.
You can wear up to eight rings at the same time.
Your skin changes colour to match your surroundings (Stealth+).
Your rubbery body absorbs attacks. (AC +1, EV +1)
((You are camouflaged when in or above water. (Stealth+)))
You have tentacles for arms and can constrict up to eight enemies at once.
One of your tentacles bears a spike.


Message History

Found Yvvuv's Distillery.
The necrophage barely misses you.
You hit the necrophage but do no damage.
Your grab misses the necrophage. You squeeze the necrophage!
The necrophage is heavily damaged.
The necrophage hits you.
You hit the necrophage.
The necrophage convulses.
Your grab misses the necrophage.
Your tentacle spike misses the necrophage.
The necrophage is severely damaged.
The jelly barely misses you. The necrophage misses you.
You barely miss the necrophage. You grab the necrophage.
You pierce the necrophage.
You squeeze the necrophage.
You destroy the necrophage!
Sif Muna accepts your kill. The jelly completely misses you.
You hit the jelly.
Your tentacles burn!
You pierce the jelly.
The jelly is heavily wounded.
You hit the jelly. The acid corrodes you!
Your tentacles burn!
You pierce the jelly, but do no damage.
You squeeze the jelly.
The jelly is almost dead.
The jelly closely misses you.
You hit the jelly. The acid corrodes you!
Your tentacles burn!
Your squeeze misses the jelly.
The jelly is almost dead.
The jelly misses you.
You hit the jelly but do no damage.
Your tentacles burn!
You pierce the jelly, but do no damage.
The jelly is almost dead.
The black bear barely misses you. x3; The jelly hits you.
You are splashed with acid!
You hit the jelly. The acid corrodes you!
Your tentacles burn!
* * * LOW HITPOINT WARNING * * *
You pierce the jelly, but do no damage.
The jelly is almost dead.
The jelly hits you.
* * * LOW HITPOINT WARNING * * *
The acid corrodes you!
You are splashed with acid!
* * * LOW HITPOINT WARNING * * *
The black bear bites you.
You die...

.......# #+ #.....#
∩.. +...#.#
#≈≈####.....#
......#....<#
.......#..#### .
.....##....#...
....##..##......#
#..†@h.......#
#...J...........
#................
...#...............
.. #..##......#...S
. .l.> ............
...##............
..# ..........#


You could see a black bear, an iguana (asleep) and a jelly.

Vanquished Creatures
  Eustachio (D:4)
  A black bear (D:4)
  A necrophage (D:5)
  An iron imp (D:4)
  Natasha (twice) (D:4)
  An orc wizard (D:3)
  Robin (D:4)
  3 gnolls (D:2)
  8 adders
  An ufetubus (D:4)
  2 worms
  2 dart slugs (D:1)
  6 orcs (D:3)
  10 bats
  17 endoplasms
  3 giant cockroaches
  15 goblins
  14 hobgoblins
  4 quokkas
  4 ball pythons
  3 frilled lizards (D:1)
  7 kobolds
  8 rats
115 creatures vanquished.

Notes
Turn   | Place    | Note
-------+----------+-------------------------------------------
     0 | D:1      | Barneous the Octopode Wanderer began the quest for the Orb.
     0 | D:1      | Barneous set off with the following items: a +2 dagger, a
                  | scroll of fear, a +0 mace, a wand of flame (4), a potion of
                  | invisibility.
     0 | D:1      | Reached XP level 1. HP: 13/13 MP: 2/2
    54 | D:1      | Reached XP level 2. HP: 11/18 MP: 3/3
   382 | D:1      | Reached skill level 5 in Evocations
   694 | D:1      | Reached XP level 3. HP: 23/23 MP: 4/4
  1107 | D:1      | Gained mutation: One of your tentacles bears a spike.
                  | [potion of mutation]
  1281 | D:2      | Reached XP level 4. HP: 22/28 MP: 5/5
  1287 | D:2      | Reached skill level 1 in Short Blades
  1287 | D:2      | Reached skill level 5 in Stealth
  1736 | D:2      | Reached XP level 5. HP: 30/33 MP: 6/6
  1899 | D:2      | Learned a level 1 spell: Freeze
  2664 | D:3      | Found an ornate altar of the Wu Jian Council.
  3086 | D:3      | Found an opulent altar of Gozag.
  3448 | D:3      | Found a sparkling altar of Nemelex Xobeh.
  3819 | D:4      | Noticed a black bear
  3821 | D:4      | Killed a black bear
  3822 | D:4      | Reached skill level 1 in Dodging
  3822 | D:4      | Reached skill level 6 in Stealth
  3822 | D:4      | Reached XP level 6. HP: 36/41 MP: 7/7
  3918 | D:4      | Noticed Natasha
  3921 | D:4      | Killed Natasha
  3947 | D:4      | Noticed Eustachio
  3960 | D:4      | Killed Eustachio
  3961 | D:4      | Reached skill level 7 in Stealth
  3961 | D:4      | Reached XP level 7. HP: 13/45 MP: 8/8
  4433 | D:4      | Noticed Robin
  4445 | D:4      | Killed Robin
  4909 | D:4      | Found a shimmering blue altar of Sif Muna.
  4909 | D:4      | Noticed Natasha
  4913 | D:4      | Killed Natasha
  4914 | D:4      | Reached skill level 8 in Stealth
  4917 | D:4      | Became a worshipper of Sif Muna the Loreminder
  5004 | D:4      | Found a blossoming altar of Fedhas.
  5036 | D:4      | Found a snail-covered altar of Cheibriados.
  5198 | D:5      | Entered Level 5 of the Dungeon
  5205 | D:5      | Found Yvvuv's Distillery.
  5213 | D:5      | HP: 2/45 [acid (10)]
  5213 | D:5      | Slain by a black bear

Illustrated notes

Levels and vault maps discovered:
D:1:      mrwooster_arrival_statue, layout_rooms
D:2:      layout_loops_ring, minmay_diced_spiral
D:3:      layout_loops_corners, mainiacjoe_overflow_alcove_2,
          mainiacjoe_overflow_surrounded_room, old_standard_altar,
          dreamdust_wishing_well
D:4:      layout_loops_cross, fedhas_altar_3, led_sif_pool, slow_altar_2,
          uniq_robin, uniq_eustachio, uniq_natasha
D:5:      layout_cave_pools, serial_shops, nicolae_shop_hallway_stairs,
          columned_hall_lemuel, minivault_1, kennysheep_doodads

Skill      XL: |  1  2  3  4  5  6  7 |
---------------+----------------------+-----
Evocations     | 5 |  5.4
Short Blades   | 2 3 |  3.4
Stealth        | 5 6 7 8 |  8.3
Fighting       | 2 |  2.8
Dodging        | 1 |  1.6
Maces & Flails | |  1.0
Unarmed Combat | |  0.2
Spellcasting   | |  1.1
Ice Magic      | |  0.3
Invocations    | |  0.2

Action                   |  1- 3 |  4- 6 |  7- 9 || total
-------------------------+-------+-------+-------++-------
Melee: Dagger            |    71 |    73 |       ||   144
       Constrict         |    13 |    26 |    11 ||    50
       Tentacles         |     9 |    18 |    23 ||    50
       Kick              |     6 |    35 |    17 ||    58
       Short sword       |       |    25 |    58 ||    83
       Punch             |       |     1 |     1 ||     2
Evoke: Wand              |     2 |       |       ||     2
  Use: Scroll            |     3 |     1 |     2 ||     6
       Potion            |     3 |     4 |     1 ||     8
 Stab: Sleeping          |     7 |    17 |     3 ||    27
       Invisible         |       |     2 |       ||     2
       Distracted        |       |     1 |     3 ||     4
Armor: Skin              |     5 |     5 |     3 ||    13
Dodge: Dodged            |    32 |    54 |    39 ||   125
